AoeStats
← Furian

Arena

510211917Analyzed
4v4 RM · 2d ago on Sep 30, 2026· 18m 0s· 8 players
Game mode
Random Map
Map size
Large (8 player)
Population
200
Speed
Normal
Resources
Standard
Victory
Conquest
Starting age
Dark Age
Ending age
Imperial Age
RankedLock teamsTeams togetherTeam positionsShared explorationLock speedFull tech treeHidden civsTurbo modeCheats
Victory
Defeat
🇹🇷 Maya · Türkiye
1263
+14
🇵🇪 Cumans · Peru
1248
+14
🇵🇪 Italians · Peru
1246
+15
🇺🇸 Vikings · United States
1234
+15
🇹🇷 Danes · Türkiye
1285
-17
1245
-16
🇹🇷 Italians · Türkiye
1245
-16
🇹🇷 Byzantines · Türkiye
1083
-9
AxingQuestions
10:30 Feudal Age
14:35 Castle Age
13:07 Double-Bit Axe
13:04 Horse Collar
15:55 Bow Saw
15:58 Heavy Plow
17:51 Loom
aariva83
3:06 Loom
10:18 Feudal Age
10:44 Double-Bit Axe
11:47 Loom
11:49 Horse Collar
17:39 Wheelbarrow
Nidhogg
0:28 Loom
10:56 Feudal Age
11:51 Double-Bit Axe
14:28 Castle Age
12:22 Horse Collar
15:35 Heavy Plow
Kierkegaard
9:25 Feudal Age
11:12 Wheelbarrow
13:56 Fletching
15:44 Padded Archer Armor
17:20 Double-Bit Axe
edge2147
11:07 Feudal Age
14:52 Castle Age
13:06 Double-Bit Axe
15:40 Loom
Furian
9:59 Feudal Age
14:57 Castle Age
13:02 Double-Bit Axe
13:58 Horse Collar
14:10 Stone Mining
İvan'ın Anasını Dehleyen
9:56 Feudal Age
15:40 Castle Age
14:06 Double-Bit Axe
14:04 Horse Collar
14:24 Gold Mining
15:07 Loom
16:03 Forging
15:46 Fletching
16:08 Forging
16:42 Wheelbarrow
16:40 Heavy Plow
secotify
10:36 Feudal Age
15:08 Castle Age
12:58 Double-Bit Axe
14:48 Gold Mining
16:33 Bow Saw
18:08 Loom
Connection lost

Rejoining the realm…

Still unreachable

The connection could not be restored.

Session expired

The server has moved on; the page needs a fresh start.